 Dungeon Sprint DCSS version 0.29.1-15-g9cfb28693d (webtiles) character file.

Game seed: 15734725647854169123

438 Groucho the Covert (level 6, -9/28 HPs)
             Began as a Spriggan Earth Elementalist on Apr 3, 2023.
             Was an Elder of Dithmenos.
             Killed from afar by a bog body (26 damage)
             ... with a bolt of cold
             ... in the Dungeon (Sprint VII: "The Pits").
             The game lasted 00:03:55 (1265 turns).

Groucho the Covert (Spriggan Earth Elementalist)    Turns: 1265, Time: 00:03:56

Health: -9/28      AC:  3    Str:  6    XL:     6   Next: 69%
Magic:  16/18      EV: 22    Int: 17    God:    Dithmenos [****..]
Gold:   0          SH:  0    Dex: 15    Spells: 17/21 levels left

rFire   . . .      SeeInvis +   h - +2 dagger
rCold   . . .      Faith    .   (no shield)
rNeg    . . .      Spirit   .   a - +0 robe
rPois   .          Reflect  .   (helmet restricted)
rElec   .          Harm     .   m - +0 cloak {Stlth+}
rCorr   .          Rampage  .   (gloves unavailable)
Will    +....      NoTele   +   (boots unavailable)
Stlth   ++++++++..              (no amulet)
HPRegen 0.09/turn               (no ring)
MPRegen 0.16/turn               (no ring)

@: wreathed by umbra, very quick
A: very small, no large weapons, unfitting armour, see invisible, speed 3
a: Renounce Religion, Shadow Step


You were in the Dungeon.
You worshipped Dithmenos.
Dithmenos was greatly pleased with you.
You visited 1 branch

Inventory:

Hand Weapons
 h - a +2 dagger (weapon)
 n - a +0 dagger of venom
Missiles
 l - 10 stones
Armour
 a - a +0 robe (worn)
 m - a +0 cloak of stealth (worn)
Scrolls
 g - a scroll of blinking
 j - 5 scrolls of amnesia
 k - a scroll of summoning
Potions
 b - 4 potions of magic
 c - 5 potions of curing
 d - 5 potions of heal wounds
 e - a potion of haste
 f - 3 potions of berserk rage
 i - 2 potions of invisibility


   Skills:
 * Level 0.9 Short Blades
 + Level 8.9 Dodging
 + Level 10.4 Stealth
 + Level 8.1 Spellcasting
 + Level 0.2 Conjurations
 - Level 1.3 Transmutations
 * Level 8.8 Earth Magic
 + Level 0.4 Invocations


You had 17 spell levels left.
You knew the following spells:

 Your Spells              Type           Power      Damage    Failure   Level
a - Sandblast             Erth           74%        2d16      1%          1
b - Stone Arrow           Conj/Erth      44%        3d9       4%          3

Your spell library contained the following spells:

 Spells                   Type           Power      Damage    Failure   Level
 Passwall                 Tmut/Erth      20%        N/A       1%          2
 Petrify                  Tmut/Erth      24%        N/A       13%         4


Dungeon Overview and Level Annotations

Branches:
Dungeon (1/1)

Altars:
Ashenzari
Cheibriados
Dithmenos
Elyvilon
Fedhas
Gozag
Hepliaklqana
Kikubaaqudgha
Makhleb
Nemelex Xobeh
Okawaru
Qazlal
Ru
Sif Muna
Trog
Uskayaw
Vehumet
Wu Jian
Xom
Yredelemnul
Zin
The Shining One
Jiyva
Lugonu


Innate Abilities, Weirdness & Mutations

You are very small and have problems with some larger weapons.
You are too small for most types of armour.
You have supernaturally acute eyesight. (SInv)
You cover ground extremely quickly. (Speed+++)


Message History

Unknown command.
Unknown command.
You open the door.
A bog body comes into view.
Things that are here:
a +0 club; a goblin corpse
Casting: Sandblast (safe; 1% risk of failure)
Confirm with . or Enter, or press ? or * to list all spells.
The spell is quite dangerous to miscast (4% risk of failure)!
Continue anyway?
Okay, then.
Unknown command.
Casting: Stone Arrow (quite dangerous; 4% risk of failure)
Confirm with . or Enter, or press ? or * to list all spells.
Aiming: Sandblast (safe; 1% risk of failure)
Press: ? - help, Shift-Dir - straight line, f - bog body
Aim: a bog body (umbra, 86% to hit)
The blast of sand hits the bog body!
The bog body is moderately damaged.
The bog body gestures at you while chanting.
You resist with some effort.
Casting: Sandblast (safe; 1% risk of failure)
Confirm with . or Enter, or press ? or * to list all spells.
Aiming: Sandblast (safe; 1% risk of failure)
Press: ? - help, Shift-Dir - straight line, f/p - bog body
Aim: a bog body (moderately damaged, umbra, 86% to hit)
The blast of sand hits the bog body!!
The bog body is almost destroyed.
The bog body gestures at you while chanting.
The bolt of cold hits you!
Casting: Sandblast (safe; 1% risk of failure)
Confirm with . or Enter, or press ? or * to list all spells.
Aiming: Sandblast (safe; 1% risk of failure)
Press: ? - help, Shift-Dir - straight line, f/p - bog body
Aim: a bog body (severely damaged, umbra, 86% to hit)
The blast of sand hits the bog body.
The bog body is almost destroyed.
The bog body gestures at you while chanting.
The bolt of cold hits you!!
Ouch! That really hurt!
You die...

#.#..#...#.#####'#
#.#..#####.##.....
#.#..'...#.##.....
#.#..'...'.##.....
#.#..########...<.
#.#..'[))..##.....
#.#..#[))).##.....
#'###########.....
#@......# ######
#...#...#
#...#...#
#.##.##.#+#
#.n.#...#.+
#...#...#'#
#......)'.#
###########


You could see a bog body.

Vanquished Creatures
  A fire bat (D)
  A sky beast (D)
  A phantom (D)
  2 quasits (D)
  Crazy Yiuf (D)
  2 adders (D)
  A river rat (D)
  A bat (D)
  A bat skeleton (D)
  A giant cockroach (D)
  A goblin (D)
  A hobgoblin (D)
  A ball python (D)
  A frilled lizard (D)
16 creatures vanquished.

Notes
Turn   | Place    | Note
-------+----------+-------------------------------------------
     0 | D        | Groucho the Spriggan Earth Elementalist began the quest for
                  | the Orb.
     0 | D        | Reached XP level 1. HP: 9/9 MP: 5/5
    40 | D        | Found a bloodstained altar of Trog.
    40 | D        | Found a shimmering blue altar of Sif Muna.
    40 | D        | Found a viscous altar of Jiyva.
    40 | D        | Found a hazy altar of Hepliaklqana.
    40 | D        | Found an opulent altar of Gozag.
    41 | D        | Found a glowing golden altar of the Shining One.
    41 | D        | Found a glowing silver altar of Zin.
    41 | D        | Found a basalt altar of Yredelemnul.
    41 | D        | Found a shimmering altar of Xom.
    41 | D        | Found an ornate altar of the Wu Jian Council.
    41 | D        | Found a sacrificial altar of Ru.
    41 | D        | Found a stormy altar of Qazlal.
    41 | D        | Found an iron altar of Okawaru.
    41 | D        | Found a sparkling altar of Nemelex Xobeh.
    41 | D        | Found a burning altar of Makhleb.
    41 | D        | Found a blossoming altar of Fedhas.
    41 | D        | Found a white marble altar of Elyvilon.
    41 | D        | Found a shadowy altar of Dithmenos.
    41 | D        | Found a snail-covered altar of Cheibriados.
    43 | D        | Found a radiant altar of Vehumet.
    43 | D        | Found a corrupted altar of Lugonu.
    44 | D        | Found a hide-covered altar of Uskayaw.
    44 | D        | Found an ancient bone altar of Kikubaaqudgha.
    44 | D        | Found a broken altar of Ashenzari.
    49 | D        | Became a worshipper of Dithmenos the Shadowed
   206 | D        | Reached * piety under Dithmenos
   207 | D        | Reached skill level 4 in Stealth
   207 | D        | Reached XP level 2. HP: 13/13 MP: 5/7
   214 | D        | Reached skill level 5 in Stealth
   214 | D        | Reached XP level 3. HP: 16/16 MP: 3/9
   215 | D        | Reached ** piety under Dithmenos
   579 | D        | Noticed Crazy Yiuf
   606 | D        | Killed Crazy Yiuf
   607 | D        | Reached skill level 5 in Dodging
   607 | D        | Reached skill level 6 in Stealth
   607 | D        | Reached skill level 5 in Earth Magic
   904 | D        | Noticed a sky beast
   905 | D        | Noticed a phantom
   909 | D        | Noticed a fire bat
   939 | D        | Killed a phantom
   940 | D        | Reached skill level 7 in Stealth
   940 | D        | Reached skill level 5 in Spellcasting
   940 | D        | Reached XP level 4. HP: 21/21 MP: 5/12
   941 | D        | Killed a fire bat
   941 | D        | Reached *** piety under Dithmenos
   942 | D        | Reached skill level 9 in Stealth
   942 | D        | Reached XP level 5. HP: 24/24 MP: 3/15
   942 | D        | Reached XP level 6. HP: 28/28 MP: 3/17
   950 | D        | Killed a sky beast
   951 | D        | Reached skill level 10 in Stealth
  1210 | D        | Learned a level 3 spell: Stone Arrow
  1235 | D        | Reached **** piety under Dithmenos
  1252 | D        | Noticed a bog body
  1265 | D        | Killed from afar by a bog body

Illustrated notes

Levels and vault maps discovered:
D:        pitsprint [storerooms_1, entrance_room_1, metal_vault_4, armoury_3,
          mini_pit_1, grid_room_1, main_hall_1, silver_pit, the_coven_3,
          the_vestibule_1, steel_vault_3, golden_pit, hallway_of_sentries,
          crystal_vault_2, iron_vault_4, final_vault]

Skill      XL: |  1  2  3  4  5  6 |
---------------+-------------------+-----
Dodging        | 3 4 6 7 8 |  8.9
Earth Magic    | 3 4 6 7 8 |  8.8
Spellcasting   | 3 4 5 7 8 |  8.1
Stealth        | 4 5 7 9 10 | 10.4
Short Blades   | |  0.9
Conjurations   | |  0.2
Transmutations | |  1.3
Invocations    | |  0.4

Action                   |  1- 3 |  4- 6 || total
-------------------------+-------+-------++-------
Melee: Unarmed           |     3 |       ||     3
       Dagger            |     2 |     1 ||     3
 Cast: Sandblast         |    21 |    13 ||    34
  Use: Potion            |     2 |     1 ||     3
 Stab: Sleeping          |     2 |     1 ||     3
Armor: Robe              |     2 |     1 ||     3
Dodge: Dodged            |    13 |    16 ||    29
